 Dungeon Crawl Stone Soup version 0.28-a0-1235-g7c8fac35f0 (webtiles) character file.

Game seed: 8787380021923965459

26 kae the Shield-Bearer (level 3, 0/33 HPs)
             Began as a Hill Orc Fighter on Dec 24, 2021.
             Succumbed to an adder's poison
             ... on level 2 of the Dungeon.
             The game lasted 00:01:00 (1139 turns).

kae the Shield-Bearer (Hill Orc Fighter)            Turns: 1139, Time: 00:01:00

Health: 0/33       AC:  6    Str: 20    XL:     3   Next: 8%
Magic:  3/3        EV:  9    Int:  8    God:
Gold:   81         SH:  4    Dex: 10    Spells: 2/2 levels left

rFire   . . .      SeeInvis .   a - +2 war axe
rCold   . . .      Faith    .   c - +0 buckler
rNeg    . . .      Spirit   .   b - +0 scale mail
rPois   .          Reflect  .   (no helmet)
rElec   .          Harm     .   (no cloak)
rCorr   .          Rampage  .   (no gloves)
Will    .....                   (no boots)
Stlth   ..........              (no amulet)
HPRegen 0.11/turn               (no ring)
MPRegen 0.08/turn               (no ring)

@: lethally poisoned (0 -> -15)
A: no striking features
a: no special abilities


You were on level 2 of the Dungeon.
You visited 1 branch of the dungeon, and saw 2 of its levels.

You collected 81 gold pieces.

Inventory:

Hand Weapons
 a - a +2 war axe (weapon)
Armour
 b - a +0 scale mail (worn)
 c - a +0 buckler (worn)
Scrolls
 e - a scroll of enchant armour {unknown}
 f - a scroll of identify
Potions
 d - 2 potions of might


   Skills:
 - Level 3.7 Fighting
 + Level 3.5 Axes
 - Level 3.4 Armour
 + Level 3.9 Shields


You had 2 spell levels left.
You didn't know any spells.
Your spell library contained the following spells:

 Spells                   Type           Power      Damage    Failure   Level
 Pain                     Necr           0%         1d4       77%         1
 Agony                    Necr           0%         N/A       100%        5
 Excruciating Wounds      Necr           0%         N/A       100%        5


Dungeon Overview and Level Annotations

Branches:
Dungeon (2/15)

Altars:


Message History

The adder hisses angrily.
The adder moves out of view.
No target in view!
No target in view!
The adder bites you.
You are poisoned.
The adder poisons you!
You barely miss the adder.
You feel sick. The adder barely misses you. The adder bites you.
You are more poisoned.
The adder poisons you!
An adder is nearby!
You closely miss the adder.
You feel very sick. The adder bites you but does no damage.
You miss the adder.
You feel very sick. You block the adder's attack. The adder bites you.
An adder is nearby!
You are too injured to fight recklessly!
You are too injured to fight recklessly!
An adder is nearby!
You are too injured to fight recklessly!
You are too injured to fight recklessly!
You are too injured to fight recklessly!
You are too injured to fight recklessly!
You miss the adder.
You feel sick. The adder bites you.
You are more poisoned.
The adder poisons you! The adder bites you.
You are lethally poisoned!
The adder poisons you!
You closely miss the adder.
* * * LOW HITPOINT WARNING * * *
You feel very sick. The adder bites you.
* * * LOW HITPOINT WARNING * * *
You are more poisoned.
The adder poisons you! The adder bites you but does no damage.
You closely miss the adder.
You die...

# #...... ..
#..#..####.## ..
#..#.........
..###..#....<#.##
...†..<..........
....#).#..##..##.
##..#......#..#
##.........#..#####
.......#...#...S@.#####
##.#...#...#..####....#
#.##.........####.##.##
#.##..#.#.............##
#.......###..####.##.).#
####†........#
#..#.###########
#......####.#
#..#..[........#
#......#
#..###########.#
......#.# ##.### #.#


You could see an adder.

Vanquished Creatures
  A dart slug (D:2)
  4 endoplasms (D:1)
  4 goblins
  2 hobgoblins
  2 jackals (D:1)
  2 ball pythons
  4 bats (D:1)
  A frilled lizard (D:2)
  2 kobolds
  A rat (D:1)
23 creatures vanquished.

Notes
Turn   | Place    | Note
-------+----------+-------------------------------------------
     0 | D:1      | kae the Hill Orc Fighter began the quest for the Orb.
     0 | D:1      | Reached XP level 1. HP: 19/19 MP: 1/1
   422 | D:1      | Reached XP level 2. HP: 26/27 MP: 2/2
   491 | D:1      | Found a faded altar of an unknown god.
  1049 | D:2      | Reached XP level 3. HP: 33/33 MP: 3/3
  1139 | D:2      | Succumbed to an adder's poison

Illustrated notes

Levels and vault maps discovered:
D:1:      lemuel_arrival_hallway, layout_loops_ring,
          ebering_ecumenical_altar_abandoned
D:2:      layout_basic

Skill      XL: |  1  2 |
---------------+-------+-----
Axes           | 3 |  3.5
Fighting       | |  3.7
Armour         | |  3.4
Shields        | |  3.9

Action                   || total
-------------------------++-------
Melee: War axe           ||    75
  Use: Scroll            ||     5
Armor: Scale mail        ||    44
Dodge: Dodged            ||    27
Block: Buckler           ||    21

Table legend: (Time is in decaauts)
 A = Elapsed time spent in this place.
 B = Non-inter-level travel time spent in this place.
 C = Inter-level travel time spent in this place.
 D = Time resting spent in this place.
 E = Time spent auto-exploring this place.
 F = Levels seen in this place.
 G = Mean time per level.
                   A        B        C        D        E       F      G
               +--------+--------+--------+--------+--------+-----+--------+
         Total |   1165 |   1145 |     20 |    125 |    830 |   2 |  582.5 |
       Dungeon |   1165 |   1145 |     20 |    125 |    830 |   2 |  582.5 |
               +--------+--------+--------+--------+--------+-----+--------+

Top non-repeatable levels by time:
     D:1: 989 daAuts
     D:2: 176 daAuts
